 Dungeon Crawl Stone Soup version 0.30-a0-777-ga9a30cbeda (webtiles) character file.

Game seed: 7486907597991761559

5078 Wafflegowd the Thaumaturge (level 10, 0/72 (83) HPs)
             Began as a Yellow Draconian Air Elementalist on Feb 13, 2023.
             Was a Follower of Vehumet.
             Succumbed to Erica's bolt of poison
             ... on level 8 of the Dungeon.
             The game lasted 01:28:00 (10248 turns).

Wafflegowd the Thaumaturge (DrAE)                  Turns: 10248, Time: 01:28:00

HP:   0/72 (83)     AC: 13    Str: 11    XL:     10   Next: 31%
MP:   30/31         EV: 12    Int: 26    God:    Vehumet [*.....]
Gold: 335           SH:  3    Dex:  9    Spells: 13/26 levels left

rFire   . . .      SeeInvis .    N - +5 scimitar (protect)
rCold   . . .      Faith    .    t - +0 buckler
rNeg    . . .      Spirit   .    (body armour unavailable)
rPois   .          Reflect  .    l - +2 hat
rElec   .          Harm     .    S - +0 cloak
rCorr   +          Rampage  .    i - +2 pair of gloves
Will    .....                    (no boots)
Stlth   ++                       (no amulet)
HPRegen 0.32/turn                o - +6 ring of intelligence
MPRegen 0.22/turn                J - ring of magical power

@: lethally poisoned (0 -> -10), swift, heavily drained, very quick
A: spit acid, AC +7, unfitting armour, cold-blooded, acid resistance, clumsy 1
a: Breathe Acid, Renounce Religion


You were on level 8 of the Dungeon.
You worshipped Vehumet.
Vehumet was aware of your devotion.
You visited 2 branches of the dungeon, and saw 9 of its levels.

You collected 463 gold pieces.
You spent 128 gold pieces at shops.

Inventory:

Hand Weapons
 s - a +0 shortbow
 N - a +5 scimitar of protection (weapon)
 T - a +6 falchion
Missiles
 h - 4 javelins
 y - 24 poisoned darts
 H - 2 throwing nets
Armour
 i - a +2 pair of gloves (worn)
 l - a +2 hat (worn)
 t - a +0 buckler (worn)
 S - a +0 cloak (worn)
Jewellery
 n - a ring of see invisible
 o - a +6 ring of intelligence (left hand)
 J - a ring of magical power (right hand)
Wands
 q - a wand of polymorph (7)
 r - a wand of iceblast (10)
 A - a wand of mindburst (12)
 K - a wand of flame (12)
Scrolls
 b - a scroll of acquirement {unknown}
 c - 2 scrolls of identify
 m - 2 scrolls of vulnerability
 w - 5 scrolls of immolation
 x - a scroll of amnesia
 z - 3 scrolls of fog
 B - a scroll of fear
 C - 3 scrolls of noise
 G - 2 scrolls of teleportation
 M - a scroll of summoning
Potions
 a - 2 potions of magic
 j - 2 potions of heal wounds
 k - a potion of attraction
 O - 2 potions of cancellation


   Skills:
 * Level 6.2 Fighting
 - Level 4.2(4.4) Short Blades
 + Level 2.0(3.3) Long Blades
 + Level 4.6 Dodging
 + Level 4.3 Stealth
 + Level 1.0 Shields
 * Level 8.8 Spellcasting
 + Level 5.6 Conjurations
 + Level 7.4 Air Magic
 * Level 4.2 Invocations


You had 13 spell levels left.
You knew the following spells:

 Your Spells              Type           Power      Damage    Failure   Level
a - Shock                 Conj/Air       100%       1d9       1%          1
b - Swiftness             Air            50%        N/A       1%          3
c - Airstrike             Air            25%        2d(4-20)  3%          4
d - Kiss of Death         Conj/Necr      100%       2d13      2%          1
e - Static Discharge      Conj/Air       90%        2-6/arc   1%          2
f - Searing Ray           Conj           80%        2d7       1%          2

Your spell library contained the following spells:

 Spells                   Type           Power      Damage    Failure   Level
 Magic Dart               Conj           100%       1d8       1%          1
 Frozen Ramparts          Ice            22%        1d4       22%         3
 Fulminant Prism          Conj/Hex       13%        3d8       22%         4
 Ice Form                 Ice/Tmut       11%        N/A       56%         4
 Summon Ice Beast         Ice/Summ       11%        N/A       56%         4
 Yara's Violent Unravell  Hex/Tmut       5%         3d4       89%         5
 Enfeeble                 Hex            5%         N/A       100%        7


Dungeon Overview and Level Annotations

Branches:
Dungeon (8/15)             Temple (1/1) D:7
   Lair: D:8-11

Altars:
Ashenzari
Cheibriados
Dithmenos
Elyvilon
Gozag
Hepliaklqana
Kikubaaqudgha
Makhleb
Nemelex Xobeh
Okawaru
Qazlal
Ru
Sif Muna
Trog
Uskayaw
Vehumet
Wu Jian
Xom
Yredelemnul
Zin

Shops:
D:7 *

Annotations:
D:8 1 runed translucent door, BigDaddyOpFi's ghost, novice FoFi; Erica


Innate Abilities, Weirdness & Mutations

You can spit globs of acid.
Your golden yellow scales are hard. (AC +7)
You cannot fit into any form of body armour.
You are cold-blooded and may be slowed by cold attacks.
You are resistant to acid. (rCorr)
You are clumsy. (Dex -2)


Message History

Orders for allies: a - Attack new target. r - Retreat! s - Stop attacking. g - Guard the area. f - Follow me.
Anything else - Cancel.
Okay, then.
You hear some strange, mumbled words.
A bolt of poison appears from out of thin air!
The bolt of poison hits you!!
You are poisoned.
You closely miss something.
You feel very sick.
You hear some strange, mumbled words.
A bolt of poison appears from out of thin air!
The bolt of poison misses you. Something hits you. Something burns you.
You feel sick.
You feel sick. Something hits you but does no damage.
You feel sick.
You feel sick. Something hits you but does no damage.
You feel sick.
You feel sick.
You feel sick.
Casting: Shock (safe; 1% risk of failure)
Confirm with . or Enter, or press ? or * to list all spells.
You feel quick.
You feel sick.
You are no longer poisoned.
Something hits you!
* * * LOW HITPOINT WARNING * * *
Something burns you.
* * * LOW HITPOINT WARNING * * *
Erica appears from thin air!
Reactivating autopickup.
There is an open door here.
Erica casts a spell at you. The bolt of poison hits you!
You are poisoned.
* * * LOW HITPOINT WARNING * * *
There is an open door here.
* * * LOW HITPOINT WARNING * * *
You feel very sick.
You die...

.........#....#...........#§§§#..
.###.....#....'.....#.....# #..
##Z#...@.#[...#.....#.....#####..
Z#######'##...#.....###..###.....
##..###..##...#.......#..###...##
.._.#§#...@...#.......#....#....#
##..###.......'.......#....#....#
§####.........#.......#....#....#
##Z#..........#.@.....#....#....#
.###..........#.......#....#....#
########'##'###.......######'####
...###...#......##'####..........
...#.....#......#.....#..........
...#.....#......#.....#..........
.[.#.....#......#.....#..........
...#.....#......#.....#..........
...'.).).#......#<....#.).....###


There were no monsters in sight!

Vanquished Creatures
  A two-headed ogre (D:8)
  Pikel (D:8)
  Sigmund (D:3)
  A wyvern (D:5)
  3 steam dragons
  Menkaure (D:6)
  A water moccasin (D:6)
  An orc warrior (D:8)
  An ice beast (D:8)
  A black bear (D:8)
  4 lemures (D:8)
  2 centaurs
  A kobold brigand (D:8)
  4 bullfrogs
  A gnoll sergeant (D:5)
  7 scorpions
  10 wights
  3 howler monkeys
  2 jellies
  5 orc priests
  6 hounds
  2 gnoll boudas
  3 iguanas
  6 orc wizards
  Robin (D:2)
  18 gnolls (D:5)
  13 adders
  A shadow imp (D:8)
  A white imp (D:6)
  An ufetubus (D:5)
  A worm (D:4)
  2 dart slugs
  48 orcs
  5 ball pythons
  5 endoplasms
  2 giant cockroaches
  14 goblins
  8 hobgoblins
  13 jackals
  12 kobolds
  A quokka (D:5)
  3 bats
  3 frilled lizards
  4 rats
224 creatures vanquished.

Vanquished Creatures (others)
  2 plants (D:5)
2 creatures vanquished.

Grand Total: 226 creatures vanquished

Notes
Turn   | Place    | Note
-------+----------+-------------------------------------------
     0 | D:1      | Wafflegowd the Draconian Air Elementalist began the quest
                  | for the Orb.
     0 | D:1      | Reached XP level 1. HP: 14/14 MP: 3/3
   249 | D:1      | Reached XP level 2. HP: 20/20 MP: 3/5
  1125 | D:2      | Noticed Robin
  1138 | D:2      | Killed Robin
  1139 | D:2      | Reached XP level 3. HP: 16/26 MP: 1/7
  1408 | D:2      | Reached skill level 3 in Spellcasting
  1809 | D:2      | Reached XP level 4. HP: 33/33 MP: 5/8
  2127 | D:3      | Noticed Sigmund
  2161 | D:3      | Reached skill level 6 in Spellcasting
  2161 | D:3      | Reached skill level 5 in Air Magic
  2161 | D:3      | Reached XP level 5. HP: 31/47 MP: 0/13
  2170 | D:3      | Killed Sigmund
  2171 | D:3      | Reached XP level 6. HP: 27/53 MP: 0/15
  2278 | D:3      | Learned a level 3 spell: Swiftness
  2337 | D:3      | Identified the +6 scale mail of Gestures {-Cast rC+ Will+++
                  | Dex-5}
  2722 | D:3      | Found an iron altar of Okawaru.
  3204 | D:3      | Gained mutation: You are clumsy. (Dex -2) [potion of
                  | mutation]
  3803 | D:4      | Your scales start taking on a golden yellow colour.
  3803 | D:4      | Reached XP level 7. HP: 60/60 MP: 1/17
  3803 | D:4      | Gained mutation: You are resistant to acid. (rCorr) [Yellow
                  | Draconian growth]
  4602 | D:4      | Learned a level 4 spell: Airstrike
  4961 | D:5      | Entered Level 5 of the Dungeon
  5562 | D:5      | Reached skill level 1 in Invocations
  5570 | D:5      | Reached XP level 8. HP: 48/67 MP: 10/18
  5572 | D:5      | Reached skill level 7 in Spellcasting
  6699 | D:6      | Noticed Menkaure
  6702 | D:6      | Reached skill level 5 in Fighting
  6702 | D:6      | Reached skill level 5 in Conjurations
  6896 | D:6      | Killed Menkaure
  7078 | D:6      | Reached XP level 9. HP: 71/74 MP: 10/20
  7493 | D:7      | Found a staircase to the Ecumenical Temple.
  7502 | Temple   | Entered the Ecumenical Temple
  7834 | Temple   | Became a worshipper of Vehumet
  8424 | D:7      | Found Wathrat's General Store.
  8429 | D:7      | Bought a potion of cancellation for 128 gold pieces
  8445 | D:7      | Reached skill level 8 in Spellcasting
  9143 | D:8      | Found an ornate altar of the Wu Jian Council.
  9260 | D:8      | Reached * piety under Vehumet
  9260 | D:8      | Offered knowledge of Kiss of Death by Vehumet.
  9523 | D:8      | Reached skill level 1 in Long Blades
  9533 | D:8      | Noticed a two-headed ogre
  9546 | D:8      | Noticed Pikel
  9578 | D:8      | Killed a two-headed ogre
  9579 | D:8      | Reached XP level 10. HP: 34/83 MP: 0/22
  9591 | D:8      | Killed Pikel
  9601 | D:8      | Reached skill level 1 in Shields
 10060 | D:8      | Found a runed translucent door.
 10072 | D:8      | Noticed BigDaddyOpFi's ghost (novice FoFi)
 10077 | D:8      | Learned a level 1 spell: Kiss of Death
 10080 | D:8      | Learned a level 2 spell: Static Discharge
 10083 | D:8      | Learned a level 2 spell: Searing Ray
 10183 | D:8      | Found a snail-covered altar of Cheibriados.
 10198 | D:8      | Noticed Erica
 10247 | D:8      | HP: 1/72 [poisoned by Erica (bolt of poison)]
 10248 | D:8      | Succumbed to Erica's bolt of poison

Illustrated notes

Levels and vault maps discovered:
D:1:      grunt_arrival_lava_bath, layout_basic
D:2:      layout_loops_ring, nicolae_underground_beach, uniq_robin
D:3:      layout_basic, lemuel_doored_altar, uniq_sigmund
D:4:      layout_basic
D:5:      lemuel_castle_with_subvaults [lemuel_castle_interior_original],
          layout_rooms, nicolae_kite_square_tiling_tiny
D:6:      layout_rooms, uniq_menkaure
D:7:      layout_basic, minmay_temple_entry_grid, serial_shops,
          nicolae_shop_hallway_plus
D:8:      layout_gridville, mainiacjoe_overflow_brackets,
          pdpol_wu_jian_five_deadly_venoms, ebering_ghost_inner_flame,
          serial_glass, glass_columns_a, glass_columns_a, minmay_ruined_shrine,
          uniq_erica, uniq_pikel
Temple:   minmay_crystal_spiral_temple

Skill      XL: |  1  2  3  4  5  6  7  8  9 10 |
---------------+-------------------------------+-----
Spellcasting   | 3 6 7 8 |  8.8
Dodging        | 2 4 |  4.6
Fighting       | 4 5 6 |  6.2
Short Blades   | 3 4 |  4.2
Stealth        | 4 |  4.3
Conjurations   | 4 5 |  5.6
Air Magic      | 5 6 7 |  7.4
Invocations    | 1 3 4 |  4.2
Long Blades    | 1 2 |  2.0
Shields        | 1 |  1.0

Action                     |  1- 3 |  4- 6 |  7- 9 | 10-12 || total
---------------------------+-------+-------+-------+-------++-------
  Melee: Club              |     5 |       |       |       ||     5
         Tailslap          |     3 |     2 |    13 |     2 ||    20
         Short sword       |     1 |       |       |       ||     1
         Dagger            |    35 |    11 |    39 |       ||    85
         Long sword        |       |       |    52 |       ||    52
         Scimitar          |       |       |     7 |    20 ||    27
         Rapier            |       |       |     5 |       ||     5
   Cast: Shock             |    67 |    84 |   329 |    13 ||   493
         Swiftness         |       |     1 |       |     1 ||     2
         Airstrike         |       |       |    12 |     3 ||    15
         Searing Ray       |       |       |       |     1 ||     1
         Kiss of Death     |       |       |       |     1 ||     1
Ability: Breathe Acid      |       |       |    15 |       ||    15
    Use: Potion            |     1 |     7 |     1 |       ||     9
         Scroll            |       |     8 |    10 |       ||    18
 Armour: Skin              |    11 |     5 |    92 |    13 ||   121
  Dodge: Dodged            |    12 |    20 |   132 |    12 ||   176
  Block: Buckler           |       |       |    30 |     2 ||    32

Table legend: (Time is in decaauts)
 A = Elapsed time spent in this place.
 B = Non-inter-level travel time spent in this place.
 C = Inter-level travel time spent in this place.
 D = Time resting spent in this place.
 E = Time spent auto-exploring this place.
 F = Levels seen in this place.
 G = Mean time per level.
                   A        B        C        D        E       F      G
               +--------+--------+--------+--------+--------+-----+--------+
         Total |  10272 |  10272 |      0 |   3100 |   4640 |   9 | 1141.3 |
       Dungeon |   9930 |   9930 |      0 |   3100 |   4640 |   8 | 1241.2 |
        Temple |    341 |    341 |      0 |      0 |      0 |   1 |  341.0 |
               +--------+--------+--------+--------+--------+-----+--------+

Top non-repeatable levels by time:
     D:5: 1905 daAuts
     D:3: 1490 daAuts
     D:4: 1348 daAuts
     D:7: 1326 daAuts
     D:8: 1171 daAuts
     D:1: 1116 daAuts
     D:2: 1007 daAuts
     D:6: 564 daAuts
  Temple: 341 daAuts
